 Dungeon Crawl Stone Soup version 0.17-a0-1533-g2f57bce (webtiles) character file.

222288 aspy the Minotaur Blade (level 18, -3/154 HPs)
             Began as a Minotaur Berserker on July 12, 2015.
             Was the Champion of Trog.
             Slain by a white ugly thing (23 damage)
             ... on level 1 of the Vaults on July 16, 2015.
             The game lasted 04:50:16 (45346 turns).

aspy the Minotaur Blade (Minotaur Berserker)       Turns: 45346, Time: 04:50:16

Health: -3/154     AC: 30    Str: 24    XL:     18   Next: 9%
Magic:  20/23      EV: 17    Int:  2    God:    Trog [******]
Gold:   1956       SH:  0    Dex: 18    Spells: 0 memorised, 17 levels left

rFire  . . .     SeeInvis .     a - +9 triple sword (holy)
rCold  . . .     Clarity  .     O - +1 plate armour
rNeg   . . .     SustAt   .     (no shield)
rPois  .         Gourm    +     (helmet restricted)
rElec  .         Spirit   .     n - +0 cloak
rCorr  .         Warding  .     G - +2 pair of gloves
rMut   .         Stasis   .     l - +2 pair of boots {Fly}
MR     +++..                    F - amulet of the gourmand
Stlth  ..........               J - +4 ring of slaying
                                Q - +5 ring of protection

@: lethally poisoned (-3 -> -3), flying, regenerating, extremely resistant to
hostile enchantments, extremely unstealthy
A: retaliatory headbutt, horns 2, thin skeletal structure 1, breathe flames 1,
dopey 1, MP-powered wands
a: Burn Spellbooks, Berserk, Trog's Hand, Brothers in Arms, Renounce Religion,
Breathe Fire, Stop Flying
}: 2/15 runes: decaying, gossamer


You were on level 1 of the Vaults.
You worshipped Trog.
Trog was exalted by your worship.
You were very full.

You visited 7 branches of the dungeon, and saw 37 of its levels.
You also visited: Labyrinth, Ossuary and Ice Cave.

You collected 4059 gold pieces.
You spent 2103 gold pieces at shops.

Inventory:

Hand weapons
 a - a +9 triple sword of holy wrath (weapon)
 b - a +4 blowgun
 T - a +2 antimagic triple sword
Missiles
 h - 2 throwing nets (quivered)
 o - 3 javelins of penetration
 r - 5 curare-tipped needles
 E - 7 needles of confusion
 N - 11 silver javelins
Armour
 l - a +2 pair of boots of flying (worn)
 n - a +0 cloak (worn)
 G - a +2 pair of gloves (worn)
 O - a +1 plate armour (worn)
Jewellery
 F - an amulet of the gourmand (around neck)
 J - a +4 ring of slaying (right hand)
 Q - a +5 ring of protection (left hand)
 U - an uncursed amulet of resist mutation
Magical devices
 e - a wand of digging (12)
 i - a wand of hasting (8)
 C - a wand of fire (3)
 K - a wand of disintegration (8)
 Z - a wand of teleportation (5)
Scrolls
 f - 2 scrolls of blinking
 j - 9 scrolls of teleportation
 m - a scroll of silence
 x - a scroll of magic mapping
 y - 2 scrolls of identify
 B - 5 scrolls of fear
 R - 3 scrolls of recharging
 V - 14 scrolls of remove curse
Potions
 k - 5 potions of curing
 p - 3 potions of might
 t - 3 potions of heal wounds
 u - a potion of cure mutation
 v - 2 potions of magic
 w - 6 potions of agility
 D - 2 potions of invisibility
 P - a potion of haste
 W - a potion of resistance
Miscellaneous
 d - a phial of floods
 q - a stone of tremors (inert)
 s - a fan of gales
Comestibles
 c - 17 bread rations
 g - 11 slices of pizza
 z - 3 fruits
 A - 23 meat rations
 I - 7 beef jerkies
 L - 4 royal jellies


   Skills:
 - Level 12.0 Fighting
 - Level 24.1 Long Blades
 + Level 11.0 Throwing
 - Level 13.1 Armour
 - Level 15.0 Dodging
 - Level 9.3 Evocations


You had 17 spell levels left.
You didn't know any spells.

Dungeon Overview and Level Annotations

Branches:
Dungeon (15/15)            Temple (0/1) D:5            Lair (8/8) D:9
  Swamp (4/4) Lair:3       Spider (4/4) Lair:3        Slime (1/6) Lair:7
    Orc (4/4) D:9             Elf (0/3) Orc:3        Vaults (1/5) D:13
 Depths (0/5) D:15

Altars:
Cheibriados
Fedhas
Gozag
Kikubaaqudgha
Makhleb
Okawaru
Ru
Sif Muna
Trog
Beogh

Shops:
D:4 =   D:5 *??*=   D:13 [   Orc:4 [*=!

Annotations:
D:8 Psyche
Lair:2 exclusion: oklob plant
Swamp:4 Lernaean hydra


Innate Abilities, Weirdness & Mutations

You reflexively headbutt those who attack you in melee.
You have a pair of horns on your head.
You have a somewhat thin skeletal structure (Dex +2, Stealth).
You can breathe flames.
You are dopey. (Int -2)
You expend magic power (3 MP) to strengthen your wands.


Message History

You feel sick.
You hear a twanging sound.
A poisoned arrow appears from out of thin air!
The poisoned arrow hits you but does no damage.
You are more poisoned.
You see here a poisoned arrow.
You slice the deep elf mage!!
The deep elf mage is severely wounded.
You feel sick.
The white ugly thing tail-slaps you but does no damage.
The deep elf mage closely misses you.
You open the deep elf mage like a pillowcase!!!
You kill the deep elf mage!
Trog accepts your kill.
Trog appreciates your killing of a magic user.
You feel sick. The hornet barely misses you.
The white ugly thing tail-slaps you.
* * * LOW HITPOINT WARNING * * *
The white ugly thing freezes you!!
You die...

......#
####.####
......#
##.## . ....
#...# #...#
###+######
#......# +##
#....§§# #..
#..)§§§# #.#
#...@u§# #e#
#...§y{##)#
+...§§{§.#
#...§§§#§§#
#......#.#.#
#########.##
#. #. #.


You could see a white ugly thing and a hornet.

Vanquished Creatures
  Rupert (D:15)
  A thorn hunter (Swamp:2)
  5 ghost moths
  A vault warden (Vaults:1)
  Aizul (Spider:4)
  3 emperor scorpions
  An ironheart preserver (Vaults:1)
  Snorg (D:10)
  A fire dragon (Lair:8)
  Josephine (D:13)
  A great orb of eyes (Vaults:1)
  7 entropy weavers
  2 ogre magi (D:15)
  6 hydras
  3 ghost crabs
  An ice dragon (Vaults:1)
  Erica (D:8)
  The ghost of PeterLawrence the Fighter, a powerful GrFi of Okawaru (D:11)
  A tengu warrior (D:15)
  5 alligators
  7 orc high priests (Orc:4)
  Sonja (Orc:2)
  A spriggan (Swamp:2)
  5 skeletal warriors
  A deep elf knight (D:9)
  A fire crab (Lair:8)
  A flayed ghost (D:15)
  2 unseen horrors
  3 shambling mangroves
  An ice statue (IceCv)
  Pikel (D:9)
  7 swamp dragons (Swamp:4)
  A wolf spider zombie (D:14)
  2 lindwurms (Lair:8)
  3 necromancers
  6 hornets
  An ironbrand convoker (Vaults:1)
  An iron dragon zombie (D:15)
  11 ugly things
  21 wolf spiders
  4 orc knights
  8 hill giants
  A shining eye (Slime:1)
  3 moths of wrath
  6 cyclopes
  10 orb spiders
  2 manticores
  Maurice (D:8)
  Joseph (D:10)
  20 spiny frogs
  A kobold demonologist (D:12)
  5 torpor snails (Lair:8)
  An eye of devastation (Lair:7)
  6 black mambas
  A gargoyle (D:13)
  3 fire drakes
  12 freezing wraiths
  14 komodo dragons
  A yaktaur skeleton (D:15)
  9 demonic crawlers
  A yaktaur (shapeshifter) (D:13)
  23 jumping spiders
  15 blink frogs
  20 slime creatures
  5 trolls
  A raiju (shapeshifter) (Vaults:1)
  6 two-headed ogres
  2 boulder beetles
  4 giant leeches
  A giant leech (shapeshifter) (D:13)
  An ettin zombie (D:15)
  A wolf spider simulacrum (IceCv)
  A deep troll zombie (D:15)
  6 bog bodies
  A vampire (D:9)
  29 trapdoor spiders
  33 tarantellas
  90 redbacks
  2 deep elf magi (Vaults:1)
  A human (D:7)
  44 yaks
  7 shadows
  9 wolves (Lair:3)
  A deep elf fighter (Vaults:1)
  9 wraiths
  Eustachio (D:4)
  13 hippogriffs
  5 hungry ghosts
  A wyvern (D:11)
  A basilisk (Lair:7)
  18 vampire mosquitoes
  Edmund (D:4)
  12 insubstantial wisps
  A mottled dragon (D:15)
  A redback simulacrum (D:14)
  A soldier ant (D:15)
  16 water moccasins
  23 swamp worms
  4 wargs
  10 swamp drakes
  A hornet simulacrum (D:14)
  50 orc warriors
  10 ice beasts
  10 porcupines
  17 spiders
  2 necrophages
  14 wasps
  3 boggarts (Vaults:1)
  12 centaurs
  4 phantoms
  An ice beast (shapeshifter) (D:14)
  4 black bears
  A slave (D:9)
  19 crocodiles
  5 big kobolds
  24 ogres
  4 brain worms
  4 gnoll sergeants
  25 giant frogs
  2 wyvern zombies
  3 wyvern skeletons
  17 killer bees
  A scorpion (D:13)
  3 electric eels
  2 quasits
  12 crimson imps
  6 draconian simulacra (IceCv)
  4 jellies
  3 vampire bats (Lair:7)
  4 centaur zombies
  2 wasp zombies
  4 lava snakes (Lab)
  A giant frog zombie (D:5)
  3 hounds
  36 orc priests
  2 gnoll shamans
  3 centaur skeletons
  4 giant frog skeletons
  9 iguanas
  Natasha (D:3)
  37 orc wizards
  3 spriggan simulacra (IceCv)
  12 worker ants
  2 troll simulacra (IceCv)
  3 wolf simulacra (IceCv)
  6 big kobold zombies (Ossuary)
  40 sheep
  5 centaur simulacra
  A hound zombie (D:6)
  A hound skeleton (D:9)
  2 worker ant zombies (D:6)
  2 mummies
  3 naga simulacra (IceCv)
  30 gnolls
  10 adders
  15 white imps
  2 ogre simulacra (IceCv)
  83 river rats
  5 shadow imps
  An adder skeleton (D:6)
  4 adder zombies
  16 worms
  A giant gecko (D:6)
  329 orcs
  A spectral bat (Ossuary)
  A ball python (D:8)
  19 bats
  5 bat simulacra (Ossuary)
  5 bat zombies
  4 giant cockroaches
  34 goblins
  23 hobgoblins
  13 jackals
  5 quokkas
  A giant cockroach zombie (D:6)
  3 giant gecko zombies
  5 giant newts
  5 gnoll zombies (Ossuary)
  3 goblin simulacra (Ossuary)
  3 goblin zombies
  6 hobgoblin zombies
  31 kobolds
  2 kobold simulacra (Ossuary)
  5 kobold zombies (Ossuary)
  6 orc zombies (Ossuary)
  A quokka skeleton (D:4)
  2 quokka zombies
  19 rats
  4 rat simulacra (Ossuary)
  A spectral rat (D:4)
  A plant (Lair:8)
1804 creatures vanquished.

Vanquished Creatures (collateral kills)
  Arachne (Spider:2)
  An orc warlord (Orc:4)
  2 emperor scorpions (Spider:4)
  The ghost of namelastname112 the Arsonist, a powerful DrFE of Vehumet (Lair:4)
  A minotaur (Lab)
  5 hydras
  An entropy weaver (Spider:2)
  2 skeletal warriors (D:13)
  A swamp dragon (Swamp:4)
  A hill giant (Vaults:1)
  4 orc sorcerers (Orc:4)
  An orb spider (Spider:2)
  A shining eye (shapeshifter) (D:13)
  A salamander (shapeshifter) (Vaults:1)
  A torpor snail (Lair:8)
  A spiny frog (Lair:6)
  A minotaur zombie (Lab)
  2 boulder beetles
  5 blink frogs
  A trapdoor spider (Spider:2)
  2 redbacks (Spider:2)
  9 yaks
  A tarantella (Spider:2)
  A hippogriff (Lair:5)
  A mottled dragon (Vaults:1)
  A porcupine (Lair:5)
  A phantom (D:10)
  An orc warrior (Orc:1)
  4 orc wizards
  2 sheep (Lair:8)
  4 river rats (Lair:8)
  11 orcs
  A hobgoblin (Orc:1)
73 creatures vanquished.

Vanquished Creatures (others)
  An insubstantial wisp (Swamp:3)
  2 slaves (D:9)
  An orc wizard (Orc:4)
  A gnoll (D:9)
  3 briar patches (Swamp:3)
  44 fungi
  25 plants
77 creatures vanquished.

Grand Total: 1954 creatures vanquished

Notes
Turn   | Place    | Note
--------------------------------------------------------------
     0 | D:1      | aspy the Minotaur Berserker began the quest for the Orb.
     0 | D:1      | Reached XP level 1. HP: 19/19 MP: 0/0
   141 | D:1      | Reached skill level 4 in Long Blades
   253 | D:1      | Reached XP level 2. HP: 21/26 MP: 1/1
   932 | D:2      | Acquired Trog's second power
   932 | D:2      | Reached skill level 5 in Long Blades
  1167 | D:2      | Found an opulent altar of Gozag.
  1263 | D:2      | Found a blossoming altar of Fedhas.
  1297 | D:2      | Found a deep blue altar of Sif Muna.
  1443 | D:3      | Noticed Natasha
  1467 | D:3      | Reached XP level 3. HP: 25/31 MP: 2/2
  1960 | D:3      | Reached skill level 6 in Long Blades
  1960 | D:3      | Reached XP level 4. HP: 21/39 MP: 3/3
  2671 | D:3      | Found a sacrificial altar of Ru.
  2929 | D:4      | Found Zomocwon's Jewellery Shoppe.
  2934 | D:4      | Noticed Eustachio
  3157 | D:4      | Found a sand-covered staircase.
  3162 | D:4      | Reached skill level 7 in Long Blades
  3162 | D:4      | Reached XP level 5. HP: 43/45 MP: 4/4
  3166 | Ossuary  | Entered an ossuary
  3452 | Ossuary  | Reached skill level 8 in Long Blades
  3523 | Ossuary  | Reached XP level 6. HP: 48/51 MP: 5/5
  3636 | D:4      | Killed Eustachio
  3636 | D:4      | Reached skill level 9 in Long Blades
  3789 | D:4      | Found a burning altar of Makhleb.
  3789 | D:4      | Found a bloodstained altar of Trog.
  3879 | D:4      | Noticed Edmund
  3888 | D:4      | Killed Edmund
  3888 | D:4      | Reached XP level 7. HP: 57/57 MP: 6/6
  4264 | D:4      | Reached skill level 10 in Long Blades
  4390 | D:3      | Killed Natasha
  4468 | D:5      | Entered Level 5 of the Dungeon
  4477 | D:5      | Found Konygiaj's Magic Scroll Shoppe.
  4701 | D:5      | Reached skill level 11 in Long Blades
  4714 | D:5      | Bought a scroll of identify for 20 gold pieces
  4714 | D:5      | Bought a scroll of identify for 20 gold pieces
  4729 | D:5      | Found Ibeshrosid's Assorted Antiques.
  4796 | D:5      | Found Joidig's Jewellery Shop.
  4834 | D:5      | Found Xoiclak's Magic Scroll Boutique.
  4849 | D:5      | Bought 2 scrolls of identify for 48 gold pieces
  4849 | D:5      | Bought a scroll of identify for 24 gold pieces
  4856 | D:5      | Found Saohoh's Assorted Antiques.
  4971 | D:5      | Reached XP level 8. HP: 64/64 MP: 7/7
  5243 | D:5      | Found a staircase to the Ecumenical Temple.
  5282 | D:5      | Reached skill level 1 in Throwing
  5638 | D:6      | Reached skill level 12 in Long Blades
  6040 | D:6      | Acquired Trog's third power
  6175 | D:6      | Reached skill level 13 in Long Blades
  6516 | D:7      | Reached XP level 9. HP: 70/70 MP: 8/8
  6593 | D:7      | Reached skill level 14 in Long Blades
  7176 | D:7      | Reached skill level 5 in Fighting
  7213 | D:7      | Found an iron altar of Okawaru.
  7650 | D:7      | Received a gift from Trog
  7757 | D:8      | Noticed Psyche
  7794 | D:8      | Received a gift from Trog
  8007 | D:8      | Noticed Erica
  8028 | D:8      | Reached skill level 5 in Armour
  8103 | D:8      | Noticed Maurice
  8119 | D:8      | Killed Maurice
  8309 | D:8      | Reached XP level 10. HP: 79/86 MP: 9/9
  8497 | D:8      | Killed Erica
  8604 | D:8      | Noticed a manticore
  8612 | D:8      | Reached skill level 15 in Long Blades
  8617 | D:8      | Killed a manticore
  9020 | D:9      | Reached skill level 16 in Long Blades
  9230 | D:9      | Found a staircase to the Orcish Mines.
  9458 | D:9      | Reached XP level 11. HP: 78/92 MP: 10/10
  9550 | D:9      | Found an ancient bone altar of Kikubaaqudgha.
  9629 | D:9      | Reached skill level 10 in Armour
  9813 | D:9      | Noticed Pikel
  9816 | D:9      | Killed Pikel
 10019 | D:9      | Found a staircase to the Lair.
 10062 | Lair:1   | Entered Level 1 of the Lair of Beasts
 10088 | Lair:1   | Received a gift from Trog
 10345 | Lair:1   | Noticed a four-headed hydra
 10352 | Lair:1   | Killed a four-headed hydra
 10511 | Lair:1   | Reached skill level 17 in Long Blades
 11739 | Lair:2   | Reached skill level 18 in Long Blades
 12028 | Lair:3   | Reached XP level 12. HP: 67/100 MP: 11/11
 12486 | Lair:3   | Identified a scroll of acquirement
 12516 | Lair:3   | Reached skill level 1 in Evocations
 13182 | Lair:3   | Found a staircase to the Swamp.
 13393 | Lair:3   | Reached skill level 19 in Long Blades
 13396 | Lair:3   | Found a hole to the Spider Nest.
 13614 | Lair:4   | Noticed namelastname112's ghost (powerful DrFE)
 13638 | Lair:4   | Killed namelastname112's ghost
 14260 | Lair:4   | Received a gift from Trog
 14412 | Lair:4   | Reached skill level 20 in Long Blades
 14792 | Lair:5   | Found a labyrinth entrance.
 14805 | Lab      | Entered a labyrinth
 15663 | Lab      | Noticed a minotaur
 15668 | Lab      | Killed a minotaur
 15668 | Lab      | Reached XP level 13. HP: 105/105 MP: 14/14
 15907 | Lair:5   | Reached skill level 5 in Evocations
 17486 | Lair:7   | Received a gift from Trog
 18037 | Lair:7   | Reached skill level 5 in Throwing
 18119 | Lair:7   | Found a staircase to the Slime Pits.
 18389 | Lair:8   | Entered Level 8 of the Lair of Beasts
 18467 | Lair:8   | Gained mutation: You can breathe flames. [potion of beneficial mutation]
 18992 | Lair:8   | Received a gift from Trog
 19578 | Lair:8   | Reached skill level 10 in Fighting
 19664 | Lair:8   | Found a runed door.
 20113 | Lair:8   | Got a smoking brass ring
 20310 | Lair:8   | Received a gift from Trog
 20457 | Lair:8   | Reached XP level 14. HP: 92/121 MP: 17/17
 20605 | Lair:8   | Reached skill level 21 in Long Blades
 21142 | D:5      | Bought a transparent hat for 252 gold pieces
 21142 | D:5      | Bought a scroll of enchant armour for 210 gold pieces
 21152 | D:5      | Identified the cursed +0 hat "Pusuify" {MR- rCorr Dex+2 Stlth+} (You bought it in a shop on level 5 of the Dungeon)
 21172 | D:5      | Bought a scroll of blinking for 90 gold pieces
 21172 | D:5      | Bought a scroll of identify for 24 gold pieces
 21172 | D:5      | Bought a scroll of acquirement for 624 gold pieces
 21172 | D:5      | Bought a scroll of identify for 24 gold pieces
 21172 | D:5      | Identified the ring "Emoxt" {*Corrode +Inv Str+4} (You found it on level 8 of the Lair of Beasts)
 21331 | Orc:1    | Entered Level 1 of the Orcish Mines
 21453 | Orc:1    | Found a frozen archway.
 21470 | IceCv    | Entered an ice cave
 21741 | IceCv    | Found an ancient bone altar of Kikubaaqudgha.
 22134 | IceCv    | Received a gift from Trog
 22654 | Orc:1    | Received a gift from Trog
 22746 | Orc:1    | Received a gift from Trog
 22852 | Orc:2    | Noticed Sonja
 22858 | Orc:2    | Killed Sonja
 23340 | Orc:3    | Found a staircase to the Elven Halls.
 23379 | Orc:3    | Received a gift from Trog
 23788 | Orc:4    | Entered Level 4 of the Orcish Mines
 23799 | Orc:4    | Received a gift from Trog
 24377 | Orc:4    | Received a gift from Trog
 24709 | Orc:4    | Noticed an orc warlord
 24766 | Orc:4    | Killed an orc warlord
 25059 | Orc:4    | Gained mutation: You have a somewhat thin skeletal structure (Dex +2, Stealth). [a neqoxec]
 25149 | Orc:4    | Received a gift from Trog
 25249 | Orc:4    | Found a roughly hewn altar of Beogh.
 25548 | Orc:4    | Reached skill level 5 in Dodging
 25554 | Orc:4    | Found Daesapo's Distillery.
 25564 | Orc:4    | Found Jaygiz's Jewellery Shoppe.
 25576 | Orc:4    | Bought an uncursed amulet of resist mutation for 520 gold pieces
 25731 | Orc:4    | Found Hoshrem's Assorted Antiques.
 25753 | Orc:4    | Bought a scroll of enchant armour for 247 gold pieces
 25765 | Orc:4    | Found a roughly hewn altar of Beogh.
 25862 | Orc:4    | Found Kekased's Armour Emporium.
 25945 | Orc:4    | Received a gift from Trog
 26129 | Orc:4    | Received a gift from Trog
 26766 | D:10     | Entered Level 10 of the Dungeon
 26881 | D:10     | You fall through a shaft!
 27085 | D:11     | Noticed PeterLawrence's ghost (powerful GrFi)
 27151 | D:11     | Killed PeterLawrence's ghost
 27808 | D:10     | Noticed Snorg
 27821 | D:10     | Killed Snorg
 27928 | D:10     | Noticed Joseph
 27939 | D:10     | Killed Joseph
 28400 | D:12     | Received a gift from Trog
 28400 | D:12     | Reached XP level 15. HP: 127/132 MP: 18/18
 28678 | D:12     | Found a snail-covered altar of Cheibriados.
 28841 | D:12     | Received a gift from Trog
 29290 | D:13     | Received a gift from Trog
 29681 | Spider:1 | Entered Level 1 of the Spider Nest
 30222 | Spider:1 | Received a gift from Trog
 31130 | Spider:1 | Received a gift from Trog
 31471 | Spider:2 | Upgraded the game from 0.17-a0-1515-gfae3d72 to 0.17-a0-1528-gfee3901
 31487 | Spider:2 | Noticed Arachne
 31499 | Spider:2 | Killed Arachne
 31531 | Spider:2 | Received a gift from Trog
 31722 | Spider:2 | Reached skill level 10 in Throwing
 32695 | Spider:2 | Received a gift from Trog
 33309 | Spider:3 | Reached skill level 22 in Long Blades
 34011 | Spider:4 | Entered Level 4 of the Spider Nest
 34011 | Spider:4 | Noticed Aizul
 34026 | Spider:4 | Killed Aizul
 34317 | Spider:3 | Reached XP level 16. HP: 96/139 MP: 21/21
 34489 | Spider:4 | Paralysed by a hornet for 2 turns
 34616 | Spider:3 | Received a gift from Trog
 35043 | Spider:4 | Received a gift from Trog
 35284 | Spider:4 | Reached skill level 23 in Long Blades
 36179 | Spider:4 | Received a gift from Trog
 36545 | Spider:4 | Reached skill level 24 in Long Blades
 37806 | Spider:4 | Received a gift from Trog
 38113 | Spider:4 | Got a gossamer rune of Zot
 38505 | Swamp:1  | Entered Level 1 of the Swamp
 39370 | Swamp:2  | Reached XP level 17. HP: 91/146 MP: 22/22
 39606 | Swamp:3  | Reached skill level 10 in Dodging
 39918 | Swamp:3  | Received a gift from Trog
 40018 | Swamp:4  | Entered Level 4 of the Swamp
 40529 | Swamp:4  | Noticed the 27-headed Lernaean hydra
 40637 | Swamp:3  | Paralysed by a hornet for 3 turns
 41025 | Swamp:3  | Received a gift from Trog
 41395 | Swamp:4  | Got a decaying rune of Zot
 41741 | Lair:3   | Upgraded the game from 0.17-a0-1528-gfee3901 to 0.17-a0-1533-g2f57bce
 41861 | Slime:1  | Entered Level 1 of the Pits of Slime
 41863 | Slime:1  | Gained mutation: You are dopey. (Int -2) [a shining eye]
 42430 | D:9      | Noticed a deep elf knight
 42440 | D:9      | Killed a deep elf knight
 42827 | D:13     | Found Xaedgh's Antique Armour Shoppe.
 42911 | D:13     | Found a gate to the Vaults.
 42940 | D:13     | Noticed Josephine
 42952 | D:13     | Killed Josephine
 43081 | D:13     | Gained mutation: You expend magic power (3 MP) to strengthen your wands. [a shining eye]
 43092 | D:13     | Received a gift from Trog
 43538 | D:14     | Received a gift from Trog
 43976 | D:14     | Received a gift from Trog
 44087 | D:15     | Entered Level 15 of the Dungeon
 44312 | D:15     | Found a staircase to the Depths.
 44350 | D:15     | Noticed Rupert
 44367 | D:15     | Killed Rupert
 44524 | D:15     | Reached skill level 15 in Dodging
 45033 | Vaults:1 | Entered Level 1 of the Vaults
 45058 | Vaults:1 | Reached XP level 18. HP: 129/154 MP: 23/23
 45321 | Vaults:1 | Paralysed by a great orb of eyes for 7 turns
 45346 | Vaults:1 | Slain by a white ugly thing

Vault maps used:
D:1:      minmay_arrival_wavy_path, hex_large
D:2:      overflow_temple_1_default, nicolae_overflow_hidden_temple,
          first_bread, interstate_on_off
D:3:      grunt_decor_resistance, lemuel_statue_altar, uniq_natasha
D:4:      gammafunk_temple_overflow_pools, nicolae_ossuary_entry_giza,
          serial_shops, nicolae_shop_behind_doors, serial_park_tiny_1,
          uniq_edmund, uniq_eustachio
D:5:      serial_shops, nicolae_shop_statue_plus, shop_fountains,
          nicolae_shop_waterfront, shop_scrolls, shop
D:6:      serial_undead, serial_undead_e, serial_undead_b, serial_undead_d,
          serial_undead_d, serial_undead_f, serial_undead_b, serial_undead_a,
          serial_undead_b, serial_undead_e, serial_undead_c
D:7:      okawaru_gym_becter, grunt_livestock, minivault_1, minmay_nine_imps
D:8:      minmay_quarter_circles, special_room, uniq_maurice, uniq_psyche,
          uniq_erica
D:9:      lair_0_dummy, david_orc_4, basic_altar, evilmike_minifort, uniq_pikel
D:10:     uniq_joseph, uniq_snorg
D:12:     basic_altar, corexii_leaking_fountain
D:13:     david_vaults_2, serial_shops, nicolae_shop_overgrown_old_shop,
          uniq_josephine
D:15:     gammafunk_depths_entry_grave, minmay_misc_feat_columns, uniq_rupert
Lair:2:   minmay_lair_oklob_bushes
Lair:3:   nicolae_swamp_entry_splash_gauntlet, spider_nest_entry_funnel_web,
          beast_lair_carwin_4
Lair:5:   lab_entry_generic, wad_woods_road_05
Lair:6:   st_stairs_8
Lair:7:   dpeg_slime_entry_corner, roderic_batcave, lemuel_fruit_tree
Lair:8:   wormcave
Swamp:1:  nicolae_swamp_fairy_circle, infiniplex_staircase_pool
Swamp:2:  nicolae_swamp_treefoil, uniq_roxanne
Swamp:3:  serial_swamp_ruin, evilmike_swamp_ruin_house_4,
          evilmike_swamp_ruin_rubble_2
Swamp:4:  swamp_old_school
Spider:2: uniq_arachne
Spider:4: spider_rune_water, nicolae_spider_cling_ruins, uniq_aizul
Orc:1:    portal_ice_cave_entry_pillars_02
Orc:2:    nicolae_orc_sculptors_studio, mines2_lemuel, uniq_nergalle,
          uniq_sonja, uniq_erolcha
Orc:3:    nicolae_orc_pool_cavern
Orc:4:    pubby_orc_utopia
Vaults:1: vaults_room_pools, st_greater_box_5, nicolae_vaults_little_squares_6,
          grunt_vaults_twisty, v_pattern_5, ontoclasm_vaults_decontamination,
          v_misc_13, vaults_mumra_chevron_long, nicolae_vaults_triangles,
          hangedman_vaults_nails, v_rooms_2, vaults_room_door_ring,
          ontoclasm_vaults_twist, v_alt_pattern_2, grunt_vaults_diagonal,
          uniq_wiglaf
Lab:      labyrinth_hidden_loot, nicolae_lab_lava, nicolae_lab_garden,
          nicolae_lab_do_over, labyrinth_lava_lair, nicolae_lab_statue
Ossuary:  ossuary_zaba_two_paths
IceCv:    ice_cave_small_necro

Action                   |  1- 3 |  4- 6 |  7- 9 | 10-12 | 13-15 | 16-18 || total
-------------------------+-------+-------+-------+-------+-------+-------++-------
Melee: Falchion          |    71 |       |       |       |       |       ||    71
       Long sword        |       |   206 |   457 |       |       |       ||   663
       Great sword       |       |       |    46 |   257 |       |       ||   303
       Triple sword      |       |       |       |   339 |  1468 |   958 ||  2765
 Fire: Blowgun           |       |     3 |     8 |    12 |    53 |    91 ||   167
Throw: Throwing net      |       |     1 |       |       |     1 |       ||     2
       Javelin           |       |       |    22 |    35 |    37 |    52 ||   146
Invok: Berserk           |     1 |     2 |     5 |     2 |     1 |       ||    11
       Burn Spellbooks   |       |       |     2 |     1 |     4 |     3 ||    10
       Trog's Hand       |       |       |       |     1 |     2 |     3 ||     6
       Brothers in Arms  |       |       |       |     4 |    17 |     7 ||    28
 Abil: Breathe Fire      |       |       |       |       |    15 |     6 ||    21
       Evoke Flight      |       |       |       |       |       |     2 ||     2
Evoke: Wand              |       |       |       |     3 |     6 |     6 ||    15
       Stone of tremors  |       |       |       |       |       |     1 ||     1
  Use: Scroll            |     6 |     5 |     9 |    17 |    25 |    17 ||    79
       Potion            |       |     1 |     2 |     1 |     7 |    10 ||    21
 Stab: Distracted        |       |       |       |       |     1 |     1 ||     2
       Confused          |       |       |       |       |     1 |     1 ||     2
  Eat: Fruit             |     3 |       |       |     4 |     2 |       ||     9
       Chunk             |     2 |     3 |    20 |    22 |    70 |    39 ||   156
       Meat ration       |       |     1 |       |     1 |       |       ||     2
